 Dungeon Crawl Stone Soup version 0.31-a0-229-g1fc7ce93e2 (webtiles) character file.

Game seed: 9619194826781367552

39 qw the Shooter (level 3, 0/29 HPs)
             Began as a Minotaur Hexslinger on July 6, 2023.
             Succumbed to an adder's poison
             ... on level 2 of the Dungeon.
             The game lasted 00:00:22 (899 turns).

qw the Shooter (Minotaur Hexslinger)                 Turns: 899, Time: 00:00:22

Health: 0/29       AC:  3    Str: 12    XL:     3   Next: 26%
Magic:  3/3        EV: 12    Int: 10    God:
Gold:   68         SH:  0    Dex: 14    Spells: 3/4 levels left

rFire   . . .        Y - +1 sling
rCold   . . .        (no shield)
rNeg    . . .        c - +0 robe
rPois   .            (helmet restricted)
rElec   .            (no cloak)
rCorr   .            j - +0 pair of gloves
SInv    .            (no boots)
Will    .....        (no amulet)
Stlth   +            (no ring)
HPRegen 0.24/turn    (no ring)
MPRegen 0.08/turn

%: no passive effects
@: lethally poisoned (0 -> -4)
A: horns 2, retaliatory headbutt
a: no special abilities


You were on level 2 of the Dungeon.
You visited 1 branch of the dungeon, and saw 2 of its levels.

You collected 68 gold pieces.


Innate Abilities, Weirdness & Mutations

You have a pair of horns on your head.
You reflexively headbutt those who attack you in melee.


   Skills:
 - Level 2.1 Fighting
 + Level 3.8 Ranged Weapons
 - Level 2.1 Dodging
 - Level 1.0 Spellcasting
 - Level 2.0 Hexes


You had 3 spell levels left.
You knew the following spells:

 Your Spells              Type           Power      Damage    Failure   Level
a - Slow                  Hex            16%        N/A       16%         1

Your spell library contained the following spells:

 Spells                   Type           Power      Damage    Failure   Level
 Inner Flame              Hex/Fire       2%         N/A       56%         3
 Portal Projectile        Hex/Tloc       4%         N/A       56%         3
 Cause Fear               Hex            2%         N/A       83%         4

Inventory:

Hand Weapons
 Y - a +1 sling (weapon)
Armour
 c - a +0 robe (worn)
 j - a +0 pair of gloves (worn)
Scrolls
 a - a scroll of silence {unknown}
Potions
 e - a potion of magic {unknown}
 f - 2 potions of ambrosia {unknown}
 g - a potion of enlightenment {unknown}

Dungeon Overview and Level Annotations

Branches:
Dungeon (2/15)

Altars:


Message History

The ball python constricts you. The adder closely misses you.
You shoot a sling bullet.
The sling bullet barely misses the ball python.
You feel sick. The ball python completely misses you. You furiously retaliate!
You headbutt the ball python!
You kill the ball python!
The adder barely misses you.
You shoot a sling bullet.
The sling bullet barely misses the adder.
You feel sick.
You are no longer poisoned.
The adder closely misses you. The adder bites you but does no damage.
You shoot a sling bullet.
The sling bullet closely misses the adder.
The adder bites you.
You are poisoned.
The adder poisons you! The adder bites you but does no damage.
You shoot a sling bullet. The sling bullet hits the adder.
The adder is heavily wounded.
You feel sick. The adder misses you.
You shoot a sling bullet.
The sling bullet hits the adder but does no damage.
The adder is heavily wounded.
You feel sick. The adder bites you.
You are more poisoned.
The adder poisons you! The adder bites you.
You shoot a sling bullet. The sling bullet hits the adder.
The adder is severely wounded.
You feel very sick. The adder closely misses you.
You shoot a sling bullet.
The sling bullet hits the adder but does no damage.
The adder is severely wounded.
You feel sick. The adder bites you. x2
You shoot a sling bullet.
The sling bullet closely misses the adder.
You feel sick. The adder closely misses you. The adder bites you.
You shoot a sling bullet. The sling bullet hits the adder!
You kill the adder!
You die...

#...#####
.........
##.## #..
##.#.##.# .#
#.. #.#.##.#
.# #..
#....... ##.#
#.. ####.##.#
....# # #..
#.......#
##..# ###.#..
#.##.....
......%######
#.#######
......%@....#
#.#
.#.###.####.#
#.# #. #.#
#.# #.
#.####.# ..
#......# ##
########


There were no monsters in sight!

Vanquished Creatures
  An adder (D:2)
  2 dart slugs
  3 ball pythons (D:2)
  3 bats
  6 endoplasms
  2 giant cockroaches (D:1)
  4 goblins
  4 hobgoblins (D:1)
  4 kobolds
  A rat (D:2)
30 creatures vanquished.

Notes
Turn   | Place    | Note
-------+----------+-------------------------------------------
     0 | D:1      | qw the Minotaur Hexslinger began the quest for the Orb.
     0 | D:1      | Reached XP level 1. HP: 16/16 MP: 1/1
     0 | D:1      | 0 ||| qw: Version: 0.3-a-46-gb1f654a
     0 | D:1      | 0 ||| qw: Game counter: 1237
     0 | D:1      | 0 ||| qw: Melee chars always use a shield: true
     0 | D:1      | 0 ||| qw: God list: Okawaru
     0 | D:1      | 0 ||| qw: Allow faded altars: false
     0 | D:1      | 0 ||| qw: Do Orc after clearing Dungeon:15 true
     0 | D:1      | 0 ||| qw: Do second Lair branch before Depths: true
     0 | D:1      | 0 ||| qw: Lair rune preference: random
     0 | D:1      | 0 ||| qw: Goals: Normal
     0 | D:1      | 0 ||| PLANNING D:1-11
    34 | D:1      | 34 ||| FLEEEEING.
   142 | D:1      | Reached skill level 3 in Ranged Weapons
   142 | D:1      | Reached XP level 2. HP: 18/23 MP: 2/2
   188 | D:1      | Found a faded altar of an unknown god.
   654 | D:1      | 654 ||| UPGRADING to +0 pair of gloves.
   659 | D:1      | 659 ||| READING scroll labelled LAWOED QOHAT.
   660 | D:1      | 660 ||| READING scroll labelled MYSIHE JAYPUO.
   661 | D:1      | 661 ||| READING scroll labelled QEYHOY YNOA.
   662 | D:1      | 662 ||| DROPPING scroll of poison.
   677 | D:2      | Reached XP level 3. HP: 29/29 MP: 3/3
   897 | D:2      | HP: 7/29 [adder (2)]
   898 | D:2      | HP: 1/29 [adder (3)]
   899 | D:2      | Succumbed to an adder's poison

Levels and vault maps discovered:
D:1:      heliophobic_arrival_battle_scene, layout_loops_cross,
          hellmonk_ecumenical_altar_blasted, minmay_misc_feat_chi,
          minmay_misc_feat_plants
D:2:      layout_loops_ring, uniq_sigmund

Skill      XL: |  1  2 |
---------------+-------+-----
Ranged Weapons | 3 |  3.8
Fighting       | 2 |  2.1
Dodging        | |  2.1
Spellcasting   | |  1.0
Hexes          | |  2.0

Action                     || total
---------------------------++-------
   Fire: Sling             ||    80
    Use: Scroll            ||     3
 Armour: Robe              ||    20
  Dodge: Dodged            ||    43

Table legend:
 A = Non-vault XP
 B = Vault XP
 C = Vault XP percentage of total XP
 D = Non-vault monster count
 E = Vault monster count
 F = Vault count percentage of total count
                 A         B        C        D         E       F
            +---------+---------+-------+---------+---------+-------
      Total |      69 |       0 |   0.0 |      30 |       0 |   0.0
            +---------+---------+-------+---------+---------+-------
        D:1 |      39 |       0 |   0.0 |      20 |       0 |   0.0
        D:2 |      30 |       0 |   0.0 |      10 |       0 |   0.0
            +---------+---------+-------+---------+---------+-------
